 Dungeon Crawl Stone Soup version 0.22.1-6-g1668fe2c40 (webtiles) character file.

893 lrwvr the Cutter (level 7, -5/51 HPs)
             Began as a Demonspawn Gladiator on Jan 26, 2019.
             Was an Initiate of Wu Jian.
             Slain by Duvessa
             ... wielding a +0 short sword
              (13 damage)
             ... on level 5 of the Dungeon.
             The game lasted 00:31:03 (5096 turns).

lrwvr the Cutter (Demonspawn Gladiator)             Turns: 5096, Time: 00:31:03

Health: -5/51      AC: 18    Str: 15    XL:     7   Next: 78%
Magic:  10/10      EV: 10    Int: 10    God:    Wu Jian [......]
Gold:   298        SH:  0    Dex: 15    Spells: 8/10 levels left

rFire    + . .     SeeInvis .   i - +1 falchion (flame)
rCold    . . .     Gourm    .   (no shield)
rNeg     + . .     Faith    .   h - +2 pearl dragon scales
rPois    .         Spirit   .   (helmet restricted)
rElec    .         Reflect  .   c - +2 cloak {+Inv}
rCorr    .         Harm     .   (no gloves)
MR       .....                  o - +0 pair of boots
Stlth    +.........             (no amulet)
HPRegen  0.17/turn              k - ring of protection from fire
MPRegen  0.12/turn              (no ring)

@: about to teleport
A: horns 2, nightstalker 1
a: Renounce Religion, Evoke Invisibility


You were on level 5 of the Dungeon.
You worshipped Wu Jian.
Wu Jian was noncommittal.
You were not hungry.

You visited 1 branch of the dungeon, and saw 5 of its levels.

You collected 298 gold pieces.

Inventory:

Hand Weapons
 a - a +0 rapier
 i - a +1 falchion of flaming (weapon)
 j - a +0 long sword
Armour
 c - a +2 cloak of invisibility (worn)
 h - +2 pearl dragon scales (worn)
 o - a +0 pair of boots (worn)
Magical Staves
 b - an uncursed staff of power {unknown}
 n - an uncursed staff of poison
Jewellery
 k - a ring of protection from fire (left hand)
Wands
 d - a wand of acid (7)
Scrolls
 e - 6 scrolls of remove curse
 q - a scroll of amnesia
Potions
 g - 2 potions of flight
 l - 3 potions of cancellation
 m - a potion of lignification
 r - a potion of magic {unknown}
Comestibles
 f - 8 rations


   Skills:
 + Level 2.9 Fighting
 + Level 4.6 Short Blades
 - Level 1.7 Throwing
 * Level 3.8 Armour
 * Level 3.6 Dodging
 + Level 2.1 Stealth
 * Level 2.4 Spellcasting
 * Level 1.8 Summonings
 * Level 2.9 Necromancy


You had 8 spell levels left.
You knew the following spells:

 Your Spells              Type           Power        Failure   Level  Hunger
a - Animate Skeleton      Necr           N/A          38%         1    ##.....
b - Summon Small Mammal   Summ           #...         54%         1    ##.....

Your spell library contained the following spells:

 Spells                   Type           Power        Failure   Level  Hunger
 Apportation              Tloc           #.....       82%         1    ##.....
 Confusing Touch          Hex            #.....       82%         1    ##.....


Dungeon Overview and Level Annotations

Branches:
Dungeon (5/15)
 Temple: D:4-7

Altars:
Elyvilon
Fedhas
Hepliaklqana
Nemelex Xobeh
Trog
Uskayaw
Wu Jian
Zin
The Shining One

Annotations:
D:4 2 transporters, slartie's ghost, amateur MiBe
D:5 Duvessa


Innate Abilities, Weirdness & Mutations

You have a pair of horns on your head.
You are slightly more attuned to the shadows.


Message History

Duvessa is lightly wounded.
Duvessa hits you but does no damage. Duvessa misses you.
You riposte.
You barely miss Duvessa.
Duvessa is lightly wounded.
You closely miss Duvessa.
Duvessa is lightly wounded.
Duvessa hits you with a short sword! Duvessa hits you but does no damage.
You hit Duvessa. You burn Duvessa.
Duvessa is lightly wounded.
Duvessa hits you with a short sword!
You barely miss Duvessa.
Duvessa is lightly wounded.
Duvessa hits you with a short sword. Duvessa hits you but does no damage.
Duvessa hits you with a short sword!
* * * LOW HITPOINT WARNING * * *
As you read the scroll of teleportation, it crumbles to dust.
You feel strangely unstable. Duvessa hits you with a short sword.
* * * LOW HITPOINT WARNING * * *
Duvessa hits you with a short sword!
You die...

##... ###.........
#...#####...........
####...................
.......##....##........
.....#.##.######.......
...###)...# ##.†.... ##
#..### ####### #..#
#@.# ######e.#
#.......# #.......#
#.......# #.......#
#.......# #.......#
#........


You could see Duvessa (berserk).

Vanquished Creatures
  An ogre (D:4)
  A centaur (D:4)
  Blork the orc (D:5)
  2 scorpions
  Dowan (D:5)
  A bullfrog skeleton (D:5)
  2 orc priests (D:3)
  2 hounds
  A jelly (D:3)
  Ijyb (D:4)
  An orc wizard (D:3)
  4 worker ants
  7 adders
  An ooze (D:1)
  An adder skeleton (D:4)
  7 worms
  2 dart slugs
  4 leopard geckos
  11 orcs
  2 giant cockroaches
  8 goblins
  9 hobgoblins
  6 jackals
  A quokka (D:5)
  9 bats
  9 frilled lizards
  8 kobolds
  5 rats
  A fungus (D:4)
109 creatures vanquished.

Notes
Turn   | Place    | Note
-------+----------+-------------------------------------------
     0 | D:1      | lrwvr the Demonspawn Gladiator began the quest for the Orb.
     0 | D:1      | Reached XP level 1. HP: 16/16 MP: 1/1
   183 | D:1      | Gained mutation: You are slightly more attuned to the
                  | shadows. [demonic ancestry]
   183 | D:1      | Reached XP level 2. HP: 22/22 MP: 2/2
   482 | D:1      | Reached skill level 1 in Armour
   486 | D:1      | Reached skill level 3 in Short Blades
   526 | D:1      | Gained mutation: You have a pair of small horns on your
                  | head. [demonic ancestry]
   526 | D:1      | Reached XP level 3. HP: 17/27 MP: 3/3
  1094 | D:2      | Reached skill level 1 in Stealth
  1229 | D:2      | Found a hazy altar of Hepliaklqana.
  1281 | D:2      | Noticed a scorpion
  1292 | D:2      | Killed a scorpion
  1292 | D:2      | Gained mutation: You have a pair of horns on your head.
                  | [demonic ancestry]
  1292 | D:2      | Reached XP level 4. HP: 26/33 MP: 4/4
  1676 | D:2      | Reached XP level 5. HP: 37/39 MP: 5/5
  2078 | D:3      | Learned a level 1 spell: Animate Skeleton
  2080 | D:3      | Learned a level 1 spell: Summon Small Mammal
  2871 | D:3      | Reached skill level 1 in Spellcasting
  2871 | D:3      | Reached XP level 6. HP: 44/46 MP: 7/7
  3066 | D:3      | Reached skill level 4 in Short Blades
  3146 | D:4      | Reached skill level 1 in Necromancy
  3157 | D:4      | Found a blossoming altar of Fedhas.
  3177 | D:4      | Reached skill level 1 in Summonings
  3369 | D:4      | Found a transporter.
  3370 | D:4      | Noticed slartie's ghost (amateur MiBe)
  3605 | D:4      | Found a glowing golden altar of the Shining One.
  3605 | D:4      | Found a white marble altar of Elyvilon.
  3606 | D:4      | Found a glowing silver altar of Zin.
  3956 | D:4      | Found a hide-covered altar of Uskayaw.
  3959 | D:4      | Noticed a dagger
  3959 | D:4      | Noticed a hand axe
  4044 | D:4      | Reached XP level 7. HP: 49/51 MP: 9/9
  4062 | D:4      | Found a transporter.
  4078 | D:4      | Noticed a moth of wrath
  4081 | D:4      | Found a bloodstained altar of Trog.
  4397 | D:4      | Noticed Ijyb
  4402 | D:4      | Killed Ijyb
  4604 | D:4      | Found a sparkling altar of Nemelex Xobeh.
  4699 | D:4      | Found an ornate altar of the Wu Jian Council.
  4779 | D:4      | Became a worshipper of the Wu Jian Council
  4811 | D:5      | Entered Level 5 of the Dungeon
  4811 | D:5      | Noticed Blork the orc
  4871 | D:5      | Killed Blork the orc
  5050 | D:5      | Noticed Duvessa
  5050 | D:5      | Noticed Dowan
  5072 | D:5      | Killed Dowan
  5096 | D:5      | Slain by Duvessa

Skill      XL: |  1  2  3  4  5  6  7 |
---------------+----------------------+-----
Dodging        | 3 |  3.6
Armour         | 1 2 3 |  3.8
Short Blades   | 3 4 |  4.6
Stealth        | 1 2 |  2.1
Spellcasting   | 1 2 |  2.4
Necromancy     | 1 2 |  2.9
Summonings     | 1 |  1.8
Fighting       | |  2.9
Throwing       | |  1.7

Action                   |  1- 3 |  4- 6 |  7- 9 || total
-------------------------+-------+-------+-------++-------
Melee: Rapier            |    92 |   206 |    75 ||   373
       Headbutt          |     6 |    46 |    30 ||    82
       Falchion          |       |       |    24 ||    24
Throw: Throwing net      |     1 |     2 |     1 ||     4
 Cast: Animate Skeleton  |       |     6 |       ||     6
       Summon Small Mamm |       |     1 |       ||     1
Invok: Lunge             |       |       |     1 ||     1
  Use: Scroll            |     5 |     5 |     2 ||    12
       Potion            |     2 |       |     1 ||     3
 Stab: Held in net/web   |     1 |     3 |     1 ||     5
       Sleeping          |       |     3 |     2 ||     5
  Eat: Chunk             |     1 |     7 |     2 ||    10
       Ration            |       |     1 |     1 ||     2
Armor: Leather armour    |     8 |       |       ||     8
       Pearl dragon scal |    38 |   110 |    45 ||   193
Dodge: Dodged            |    53 |   102 |    44 ||   199
       Rpst.: Falchion   |       |       |     5 ||     5
